 Dungeon Crawl Stone Soup version 0.22-a0-407-gb098539 (webtiles) character file.

131 galech the Ducker (level 5, -4/43 HPs)
             Began as a Gnoll Wanderer on May 9, 2018.
             Slain by Natasha (5 damage)
             ... on level 3 of the Dungeon.
             The game lasted 00:03:39 (2649 turns).

galech the Ducker (Gnoll Wanderer)                  Turns: 2649, Time: 00:03:39

Health: -4/43      AC:  3    Str: 15    XL:     5   Next: 14%
Magic:  7/7        EV: 14    Int: 14    God:
Gold:   126        SH:  0    Dex: 15    Spells: 6/6 levels left

rFire    . . .     SeeInvis .   p - +0 short sword (speed)
rCold    . . .     Gourm    .   (no shield)
rNeg     . . .     Faith    .   q - +0 leather armour (curse)
rPois    .         Spirit   .   (no helmet)
rElec    .         Reflect  .   (no cloak)
rCorr    .         Harm     .   (no gloves)
MR       .....                  (no boots)
Stlth    ++++......             (no amulet)
HPRegen  0.14/turn              s - ring of stealth
MPRegen  0.10/turn              (no ring)

@: no status effects
A: distributed training, fangs 1, strong nose
a: no special abilities


You were on level 3 of the Dungeon.
You were not hungry.

You visited 1 branch of the dungeon, and saw 3 of its levels.

You collected 126 gold pieces.

Inventory:

Hand Weapons
 a - a +2 dagger
 c - a +0 quarterstaff
 p - a +0 short sword of speed (weapon)
Armour
 e - a +0 robe
 k - a +0 ring mail
 q - a cursed +0 leather armour (worn)
Magical Staves
 u - an uncursed staff of conjuration
Jewellery
 s - a ring of stealth (left hand)
Wands
 w - a wand of paralysis (15)
Scrolls
 d - 2 scrolls of teleportation
 j - a scroll of fog {unknown}
 m - a scroll of identify {unknown}
 r - a scroll of immolation {unknown}
 v - a scroll of random uselessness {unknown}
Potions
 b - a potion of berserk rage
 g - a potion of curing {unknown}
 h - a potion of lignification {unknown}
 l - 3 potions of brilliance {unknown}
 n - a potion of heal wounds {unknown}
 o - a potion of magic {unknown}
 t - a potion of haste {unknown}
 x - a potion of degeneration {unknown}
Comestibles
 f - 9 rations
 i - 10 chunks of flesh


   Skills:
 + Level 4.7 Fighting
 + Level 1.3 Short Blades
 + Level 1.3 Long Blades
 + Level 1.3 Axes
 + Level 1.3 Maces & Flails
 + Level 1.3 Polearms
 + Level 4.7 Staves
 + Level 1.3 Slings
 + Level 1.3 Bows
 + Level 1.3 Crossbows
 + Level 1.3 Throwing
 + Level 1.3 Armour
 + Level 4.7 Dodging
 + Level 4.3 Stealth
 + Level 2.9 Shields
 + Level 1.3 Unarmed Combat
 + Level 1.3 Spellcasting
 + Level 1.1 Conjurations
 + Level 1.1 Hexes
 + Level 1.1 Charms
 + Level 1.1 Summonings
 + Level 1.1 Necromancy
 + Level 1.1 Translocations
 + Level 1.1 Transmutations
 + Level 1.1 Fire Magic
 + Level 1.1 Ice Magic
 + Level 1.1 Air Magic
 + Level 1.1 Earth Magic
 + Level 1.1 Poison Magic
 + Level 1.5 Invocations
 + Level 2.9 Evocations


You had 6 spell levels left.
You didn't know any spells.

Dungeon Overview and Level Annotations

Branches:
Dungeon (3/15)

Altars:
Dithmenos

Annotations:
D:3 Natasha


Innate Abilities, Weirdness & Mutations

Your experience applies equally to all skills.
You have very sharp teeth.
Your uncanny sense of smell can sniff out nearby items.


Message History

Natasha is heavily wounded.
Natasha claws you.
* * * LOW HITPOINT WARNING * * *
You closely miss Natasha. Your bite misses Natasha.
Natasha is heavily wounded.
Natasha misses you. Natasha barely misses you.
You hit Natasha but do no damage.
Natasha is heavily wounded.
Natasha barely misses you.
You hit Natasha. Your bite misses Natasha.
Natasha is severely wounded.
You barely miss Natasha.
Natasha is severely wounded.
Natasha closely misses you. Natasha claws you.
* * * LOW HITPOINT WARNING * * *
You closely miss Natasha.
Natasha is severely wounded.
You feel yourself speed up. Natasha claws you.
You die...

..............##....
#####....###.##.###
∆ #...÷.# #....).#
#.#.#.###.####<# #
## #.#.#.....# #.#
#.##.#..#.#.#.###
#.# ............####
#.#
#.h.#.....#...###..
##@##.#....#...##.#
#.##.##.#.#.......
#.## ...#.#...##..
#.##......######..
##.##...... ...
########.<.#..[...
....
#........#....####
###.#
#.######...##.# #.#
#.# #..## # #..


You could see Natasha.

Vanquished Creatures
  3 gnolls
  4 adders
  An adder zombie (D:1)
  4 worms (D:2)
  A dart slug (D:3)
  2 leopard geckos (D:3)
  A bat zombie (D:1)
  2 giant cockroaches
  2 goblins
  7 hobgoblins
  4 jackals (D:2)
  A quokka (D:2)
  A ball python (D:3)
  4 bats
  2 frilled lizards
  4 kobolds
  7 rats
50 creatures vanquished.

Notes
Turn   | Place    | Note
-------+----------+-------------------------------------------
     0 | D:1      | galech the Gnoll Wanderer began the quest for the Orb.
     0 | D:1      | galech set off with: a +2 dagger, a potion of berserk rage, a +0 quarterstaff, a scroll of teleportation, a +0 robe, a ration
     0 | D:1      | Reached XP level 1. HP: 20/20 MP: 2/2
   123 | D:1      | Reached XP level 2. HP: 22/26 MP: 3/3
  1120 | D:2      | Reached XP level 3. HP: 31/31 MP: 4/4
  1324 | D:2      | Reached skill level 1 in Invocations
  1707 | D:2      | Reached skill level 1 in Short Blades
  1707 | D:2      | Reached skill level 1 in Long Blades
  1707 | D:2      | Reached skill level 1 in Axes
  1707 | D:2      | Reached skill level 1 in Maces & Flails
  1707 | D:2      | Reached skill level 1 in Polearms
  1707 | D:2      | Reached skill level 1 in Slings
  1707 | D:2      | Reached skill level 1 in Bows
  1707 | D:2      | Reached skill level 1 in Crossbows
  1707 | D:2      | Reached skill level 1 in Throwing
  1707 | D:2      | Reached skill level 1 in Armour
  1707 | D:2      | Reached skill level 1 in Unarmed Combat
  1707 | D:2      | Reached skill level 1 in Spellcasting
  1707 | D:2      | Reached XP level 4. HP: 29/38 MP: 4/6
  2364 | D:3      | Reached skill level 1 in Conjurations
  2364 | D:3      | Reached skill level 1 in Hexes
  2364 | D:3      | Reached skill level 1 in Charms
  2364 | D:3      | Reached skill level 1 in Summonings
  2364 | D:3      | Reached skill level 1 in Necromancy
  2364 | D:3      | Reached skill level 1 in Translocations
  2364 | D:3      | Reached skill level 1 in Transmutations
  2364 | D:3      | Reached skill level 1 in Fire Magic
  2364 | D:3      | Reached skill level 1 in Ice Magic
  2364 | D:3      | Reached skill level 1 in Air Magic
  2364 | D:3      | Reached skill level 1 in Earth Magic
  2364 | D:3      | Reached skill level 1 in Poison Magic
  2465 | D:3      | Reached XP level 5. HP: 31/43 MP: 7/7
  2516 | D:3      | Found a shadowy altar of Dithmenos.
  2621 | D:3      | Noticed Natasha
  2644 | D:3      | HP: 2/43 [Natasha (6)]
  2649 | D:3      | Slain by Natasha

Vault maps used:
D:1:      saegor_arrival_fortress, serial_co_window_serial,
          co_window_of_opportunity_a, co_window_corner_a, co_window_paths_a,
          co_window_of_opportunity_a, co_window_corner_a, co_window_broadway_b,
          co_window_of_opportunity_c, co_window_corner_b, co_window_4corner_a,
          co_window_paths_e, glass_columns_c, glass_columns_c, glass_columns_b,
          glass_columns_a, glass_columns_c
D:3:      overflow_temple_1_default, overflow_temple_1_default,
          grunt_qazlal_sundering, lemuel_round_altar, first_ration, uniq_natasha

Skill      XL: |  1  2  3  4 |
---------------+-------------+-----
Invocations    | 1 |  1.5
Short Blades   | 1 |  1.3
Long Blades    | 1 |  1.3
Axes           | 1 |  1.3
Maces & Flails | 1 |  1.3
Polearms       | 1 |  1.3
Slings         | 1 |  1.3
Bows           | 1 |  1.3
Crossbows      | 1 |  1.3
Throwing       | 1 |  1.3
Armour         | 1 |  1.3
Unarmed Combat | 1 |  1.3
Spellcasting   | 1 |  1.3
Conjurations   | 1 |  1.1
Hexes          | 1 |  1.1
Charms         | 1 |  1.1
Summonings     | 1 |  1.1
Necromancy     | 1 |  1.1
Translocations | 1 |  1.1
Transmutations | 1 |  1.1
Fire Magic     | 1 |  1.1
Ice Magic      | 1 |  1.1
Air Magic      | 1 |  1.1
Earth Magic    | 1 |  1.1
Poison Magic   | 1 |  1.1
Fighting       | |  4.7
Staves         | |  4.7
Dodging        | |  4.7
Stealth        | |  4.3
Shields        | |  2.9
Evocations     | |  2.9

Action                   |  1- 3 |  4- 6 || total
-------------------------+-------+-------++-------
Melee: Dagger            |   133 |    38 ||   171
       Bite              |    16 |    10 ||    26
       Short sword       |       |    69 ||    69
 Stab: Sleeping          |     5 |    11 ||    16
  Eat: Chunk             |     3 |     3 ||     6
Armor: Robe              |     5 |       ||     5
       Ring mail         |    32 |    10 ||    42
       Leather armour    |       |     4 ||     4
Dodge: Dodged            |    93 |    50 ||   143

Table legend:
 A = Spawn XP
 B = Non-spawn XP
 C = Spawn XP percentage of total XP
 D = Spawn monster count
 E = Non-spawn monster count
 F = Spawn count percentage of total count
 G = Total turns spent on level
                    A         B        C        D         E        F      G
               +---------+---------+-------+---------+---------+-------+---------
         Total |       0 |     188 |   0.0 |       0 |      50 |   0.0 |  2649
               +---------+---------+-------+---------+---------+-------+---------
           D:1 |       0 |      31 |   0.0 |       0 |      18 |   0.0 |  1053
           D:2 |       0 |      98 |   0.0 |       0 |      21 |   0.0 |  1279
           D:3 |       0 |      59 |   0.0 |       0 |      11 |   0.0 |   317
               +---------+---------+-------+---------+---------+-------+---------
